 Dungeon Crawl Stone Soup version 0.29.0-4-gdea44cf6ec (webtiles) character file.

Game seed: 1681387094891805171

451 qw the Chopper (level 7, 0/41 HPs)
             Began as a Tengu Warper on Aug 28, 2022.
             Slain by an orc
             ... wielding a +0 trident
              (4 damage)
             ... on level 4 of the Dungeon.
             The game lasted 00:00:21 (3886 turns).

qw the Chopper (Tengu Warper)                       Turns: 3886, Time: 00:00:22

Health: 0/41       AC:  7    Str: 13    XL:     7   Next: 4%
Magic:  11/11      EV: 11    Int: 13    God:
Gold:   160        SH:  0    Dex: 14    Spells: 10/10 levels left

rFire   + . .      SeeInvis .   Y - +1 hand axe
rCold   + . .      Faith    .   (no shield)
rNeg    . . .      Spirit   .   n - +0 scale mail
rPois   .          Reflect  .   (helmet restricted)
rElec   .          Harm     .   m - scarf {rC+ rF+}
rCorr   .          Rampage  .   d - +0 pair of gloves
Will    .....                   (boots unavailable)
Stlth   ..........              (no amulet)
HPRegen 0.13/turn               (no ring)
MPRegen 0.12/turn               (no ring)

@: about to teleport, flying quickly and evasively, quick
A: beak, talons 3, nimble flight
a: no special abilities


You were on level 4 of the Dungeon.
You visited 1 branch of the dungeon, and saw 4 of its levels.

You collected 160 gold pieces.


Innate Abilities, Weirdness & Mutations

You have a beak for a mouth.
You have claws for feet.
Your magical nature lets you fly swiftly and evasively.


   Skills:
 - Level 3.4 Fighting
 + Level 7.4 Axes
 - Level 1.0 Throwing
 - Level 1.1 Armour
 - Level 2.1 Dodging
 - Level 2.0 Spellcasting
 - Level 2.4 Translocations


You had 10 spell levels left.
You didn't know any spells.
Your spell library contained the following spells:

 Spells                   Type           Power      Damage    Failure   Level
 Blink                    Tloc           14%        N/A       56%         2
 Gell's Gravitas          Tloc           7%         N/A       80%         3
 Lesser Beckoning         Tloc           7%         N/A       80%         3
 Teleport Other           Tloc           7%         N/A       80%         3
 Manifold Assault         Tloc           7%         N/A       100%        5

Inventory:

Hand Weapons
 b - a +0 flail
 Y - a +1 hand axe (weapon)
Armour
 d - a +0 pair of gloves (worn)
 f - a +0 chain mail
 m - a scarf of resistance (worn)
 n - a +0 scale mail (worn)
Scrolls
 j - a scroll of poison {unknown}
 k - a scroll of identify
Potions
 a - a potion of curing
 c - a potion of might
 e - 2 potions of berserk rage {unknown}
 h - a potion of ambrosia {unknown}
 i - a potion of haste {unknown}

Dungeon Overview and Level Annotations

Branches:
Dungeon (4/15)
 Temple: D:4-7

Altars:
Elyvilon
Hepliaklqana
Nemelex Xobeh
Qazlal
Ru
Uskayaw
Vehumet
Wu Jian
Zin

Annotations:
D:4 2 transporters, Pikel; qw's ghost, amateur TeWr


Message History

You hit the lemure. You hit the lemure but do no damage. The lemure hits you.
The orc hits you from afar with a +0 trident.
The lemure hits you but does no damage.
A lemure comes into view.
You barely miss the lemure.
The lemure is lightly wounded.
You completely miss the lemure.
The lemure shouts!
The lemure hits you! The orc completely misses you.
The lemure barely misses you.
You hit the lemure. Your kick misses the lemure.
The lemure is moderately wounded.
You barely miss the lemure. The lemure barely misses you.
The orc hits you but does no damage. The lemure hits you but does no damage.
You hit the lemure but do no damage.
The lemure is moderately wounded.
You hit the lemure but do no damage. The lemure hits you but does no damage.
The orc closely misses you. The lemure barely misses you.
You hit the lemure. Your kick misses the lemure.
You peck the lemure, but do no damage.
The lemure is moderately wounded.
You hit Pikel but do no damage. You barely miss the lemure.
The lemure barely misses you.
The orc hits you from afar with a +0 trident!
The lemure hits you.
Pikel hits you with a +1 whip of flaming.
3885 ||| READING scroll of teleportation.
As you read the scroll of teleportation, it crumbles to dust.
You feel strangely unstable. The lemure misses you. The orc barely misses you.
The lemure barely misses you. Pikel barely misses you.
You hit the lemure but do no damage.
The lemure is moderately wounded.
You hit Pikel. You hit the lemure but do no damage.
The lemure closely misses you.
The orc hits you from afar with a +0 trident.
You die...

#.~~...#####.#..#
#.~~.#.......#..#
#.~~.#.#####.#..#
.....#.#...#.#... .##
^......#.#.#.#.<# oo #
.......#.#.#.#..# .. ..
#.~~...#.#...#..# .# ...
#.~~...#.#####..##o#....
#.~~...#........@5F.....
..~~...#.#####..K55.....
##~~...#.#...#..5.......
.#~~...#.#.#.#..##......
.#~~.#.#.#.#.#..####....
.#~~...#...#.#....# ###.
##~~.#.#####.#....#
~~~~.........#....#
~~~~...#####.#....#


You could see Pikel, 4 lemures, a bullfrog and an orc.

Vanquished Creatures
  A black bear (D:4)
  An ogre (D:4)
  A scorpion (D:4)
  An orc priest (D:4)
  Terence (D:2)
  Natasha (thrice) (D:2)
  3 adders
  A worm (D:2)
  2 dart slugs (D:4)
  6 orcs
  3 endoplasms (D:1)
  5 goblins
  5 hobgoblins
  4 quokkas
  4 ball pythons
  7 bats
  A frilled lizard (D:3)
  10 kobolds
  5 rats
64 creatures vanquished.

Vanquished Creatures (others)
  17 plants
17 creatures vanquished.

Grand Total: 81 creatures vanquished

Notes
Turn   | Place    | Note
-------+----------+-------------------------------------------
     0 | D:1      | qw the Tengu Warper began the quest for the Orb.
     0 | D:1      | Reached XP level 1. HP: 12/12 MP: 4/4
     0 | D:1      | 0 ||| qw: Version: 0.1-a-89-g26bdef1
     0 | D:1      | 0 ||| qw: Game counter: 3148
     0 | D:1      | 0 ||| qw: Always use a shield: true
     0 | D:1      | 0 ||| qw: God list: Okawaru
     0 | D:1      | 0 ||| qw: Allow faded altars: false
     0 | D:1      | 0 ||| qw: Do Orc after D:15 true
     0 | D:1      | 0 ||| qw: Do second Lair branch before Depths: true
     0 | D:1      | 0 ||| qw: Lair rune preference: random
     0 | D:1      | 0 ||| qw: Plans: Normal
     0 | D:1      | 0 ||| PLANNING D:1-11
   116 | D:1      | Reached XP level 2. HP: 17/17 MP: 6/6
   128 | D:1      | Reached skill level 3 in Axes
  1180 | D:1      | 1180 ||| UPGRADING to +0 pair of gloves.
  1185 | D:1      | 1185 ||| READING 2 scrolls labelled GORPHA LOYSHREPS.
  1190 | D:1      | 1190 ||| READING scroll labelled GUESEO XUDWI.
  1191 | D:1      | 1191 ||| READING 3 scrolls labelled VAGRYM QAACHOCO.
  1192 | D:1      | 1192 ||| READING scroll labelled SILLIALUKKUH.
  1193 | D:1      | 1193 ||| READING 2 scrolls labelled UNEADE IRAORI.
  1194 | D:1      | 1194 ||| DROPPING scroll of blinking.
  1195 | D:1      | 1195 ||| DROPPING 2 scrolls of immolation.
  1205 | D:2      | Found a faded altar of an unknown god.
  1206 | D:2      | 1206 ||| READING scroll of teleportation.
  1207 | D:2      | 1207 ||| STAIRDANCE
  1330 | D:2      | Reached XP level 3. HP: 19/21 MP: 7/7
  1556 | D:2      | 1556 ||| Stepping ~*~*~tactically~*~*~ (stealth).
  1558 | D:2      | 1558 ||| Stepping ~*~*~tactically~*~*~ (stealth).
  1569 | D:2      | 1569 ||| FLEEEEING.
  1652 | D:2      | Reached skill level 4 in Axes
  1658 | D:2      | Noticed Natasha
  1666 | D:2      | Killed Natasha
  1667 | D:2      | Reached XP level 4. HP: 13/26 MP: 8/8
  1863 | D:2      | 1863 ||| Stepping ~*~*~tactically~*~*~ (stealth).
  1949 | D:2      | Noticed Natasha
  1961 | D:2      | Killed Natasha
  1962 | D:2      | Reached skill level 5 in Axes
  2173 | D:2      | 2173 ||| Stepping ~*~*~tactically~*~*~ (stealth).
  2176 | D:2      | 2176 ||| Stepping ~*~*~tactically~*~*~ (stealth).
  2195 | D:2      | Noticed Terence
  2203 | D:2      | Killed Terence
  2204 | D:2      | Gained mutation: Your magical nature lets you fly swiftly
                  | and evasively. [Tengu growth]
  2204 | D:2      | Reached XP level 5. HP: 13/30 MP: 9/9
  2329 | D:2      | Noticed Natasha
  2338 | D:2      | Killed Natasha
  2467 | D:2      | 2467 ||| UPGRADING to +0 ring mail.
  2477 | D:2      | 2477 ||| DROPPING +0 leather armour.
  2478 | D:2      | 2478 ||| UPGRADING to scarf of resistance.
  2483 | D:2      | 2483 ||| UPGRADING to +0 scale mail.
  2493 | D:2      | 2493 ||| DROPPING +0 ring mail.
  2494 | D:2      | 2494 ||| READING scroll labelled XAM FAVIYKKUFF.
  2495 | D:2      | 2495 ||| READING 2 scrolls labelled BYT ZOZIOMEBO.
  2496 | D:2      | 2496 ||| READING scroll labelled OMOILL VUDUT.
  2497 | D:2      | 2497 ||| READING scroll labelled CIRESH UMARGH.
  2498 | D:2      | 2498 ||| DROPPING scroll of fog.
  2589 | D:3      | Reached skill level 6 in Axes
  2620 | D:3      | 2620 ||| DROPPING +0 whip.
  2623 | D:3      | Found a radiant altar of Vehumet.
  2625 | D:3      | Found an ornate altar of the Wu Jian Council.
  2629 | D:3      | Found a sparkling altar of Nemelex Xobeh.
  2633 | D:3      | Found a white marble altar of Elyvilon.
  2635 | D:3      | Found a glowing silver altar of Zin.
  2636 | D:3      | Found a hide-covered altar of Uskayaw.
  2638 | D:3      | Found a hazy altar of Hepliaklqana.
  2642 | D:3      | Found a sacrificial altar of Ru.
  2643 | D:3      | Found a stormy altar of Qazlal.
  2870 | D:3      | 2870 ||| Stepping ~*~*~tactically~*~*~ (stealth).
  2875 | D:3      | 2875 ||| Stepping ~*~*~tactically~*~*~ (stealth).
  2883 | D:3      | 2883 ||| FLEEEEING.
  2884 | D:3      | 2884 ||| FLEEEEING.
  2885 | D:3      | 2885 ||| FLEEEEING.
  2886 | D:3      | 2886 ||| FLEEEEING.
  2887 | D:3      | 2887 ||| FLEEEEING.
  2888 | D:3      | 2888 ||| FLEEEEING.
  2889 | D:3      | 2889 ||| FLEEEEING.
  2890 | D:3      | 2890 ||| FLEEEEING.
  2891 | D:3      | 2891 ||| FLEEEEING.
  2892 | D:3      | 2892 ||| FLEEEEING.
  2895 | D:3      | 2895 ||| STAIRDANCE
  2973 | D:2      | 2973 ||| READING 3 scrolls of identify.
  2973 | D:2      | 2973 ||| IDENTIFYING fuming grey potion
  2974 | D:2      | 2974 ||| READING 2 scrolls of identify.
  2974 | D:2      | 2974 ||| IDENTIFYING red potion
  3033 | D:3      | 3033 ||| Stepping ~*~*~tactically~*~*~ (stealth).
  3087 | D:3      | 3087 ||| Stepping ~*~*~tactically~*~*~ (stealth).
  3258 | D:4      | Found a transporter.
  3293 | D:4      | Reached XP level 6. HP: 25/35 MP: 10/10
  3440 | D:4      | Found a transporter.
  3509 | D:4      | Noticed qw's ghost (amateur TeWr)
  3531 | D:4      | 3531 ||| Stepping ~*~*~tactically~*~*~ (stealth).
  3538 | D:4      | Reached skill level 7 in Axes
  3640 | D:4      | 3640 ||| Stepping ~*~*~tactically~*~*~ (stealth).
  3792 | D:4      | 3792 ||| Stepping ~*~*~tactically~*~*~ (hiding).
  3825 | D:4      | Noticed a black bear
  3833 | D:4      | Killed a black bear
  3834 | D:4      | Reached skill level 3 in Fighting
  3869 | D:4      | 3869 ||| Stepping ~*~*~tactically~*~*~ (hiding).
  3871 | D:4      | 3871 ||| Stepping ~*~*~tactically~*~*~ (stealth).
  3872 | D:4      | 3872 ||| Stepping ~*~*~tactically~*~*~ (stealth).
  3874 | D:4      | Noticed Pikel
  3880 | D:4      | Reached XP level 7. HP: 33/41 MP: 11/11
  3884 | D:4      | HP: 9/41 [orc/+0 trident (7)]
  3884 | D:4      | HP: 4/41 [Pikel/+1 whip of flaming (2)]
  3885 | D:4      | 3885 ||| READING scroll of teleportation.
  3886 | D:4      | Slain by an orc

Levels and vault maps discovered:
D:1:      onia_arrival_mini_spirals, layout_loops_ring
D:2:      layout_basic, nicolae_ecumenical_oubliette, uniq_terence, uniq_natasha
D:3:      layout_basic, nicolae_overflow_hallway_of_the_gods,
          lexackson_kobold_supper
D:4:      layout_rooms, gammafunk_ghost_gnarly_gnolls, nicolae_alphabet_shops,
          roderic_lattice_a, uniq_pikel, uniq_menkaure

Skill      XL: |  1  2  3  4  5  6 |
---------------+-------------------+-----
Axes           | 3 4 5 6 7 |  7.4
Fighting       | 3 |  3.4
Throwing       | |  1.0
Armour         | |  1.1
Dodging        | |  2.1
Spellcasting   | |  2.0
Translocations | |  2.4

Action                   |  1- 3 |  4- 6 |  7- 9 || total
-------------------------+-------+-------+-------++-------
Melee: Hand axe          |    68 |    99 |     6 ||   173
       Peck              |     6 |    15 |     1 ||    22
       Kick              |    14 |    24 |     1 ||    39
       Punch             |     1 |     1 |       ||     2
       Unarmed           |       |     4 |       ||     4
Throw: Boomerang         |     7 |       |       ||     7
  Use: Scroll            |     6 |     6 |     1 ||    13
Armor: Leather armour    |    28 |     2 |       ||    30
       Skin              |       |     1 |       ||     1
       Scale mail        |       |    31 |     4 ||    35
Dodge: Dodged            |    32 |    42 |    11 ||    85

Table legend:
 A = Non-vault XP
 B = Vault XP
 C = Vault XP percentage of total XP
 D = Non-vault monster count
 E = Vault monster count
 F = Vault count percentage of total count
                 A         B        C        D         E       F
            +---------+---------+-------+---------+---------+-------
      Total |     563 |      82 |  12.7 |      54 |      10 |  15.6
            +---------+---------+-------+---------+---------+-------
        D:1 |      28 |       0 |   0.0 |      17 |       0 |   0.0
        D:2 |     116 |      71 |  38.0 |      15 |       2 |  11.8
        D:3 |      22 |      11 |  33.3 |      11 |       8 |  42.1
        D:4 |     397 |       0 |   0.0 |      11 |       0 |   0.0
            +---------+---------+-------+---------+---------+-------
